 Dungeon Crawl Stone Soup version 0.23-a0-38-g6d804a8 (webtiles) character file.

4 Amnesiac the Digger (level 1, -3/13 HPs)
             Began as a Mummy Earth Elementalist on Aug 5, 2018.
             Shot with an arrow by a centaur (8 damage)
             ... on level 5 of the Dungeon.
             The game lasted 00:00:37 (168 turns).

Amnesiac the Digger (Mummy Earth Elementalist)       Turns: 168, Time: 00:00:38

Health: -3/13      AC:  2    Str: 11    XL:     1   Next: 58%
Magic:  4/4        EV: 12    Int: 14    God:
Gold:   6          SH:  0    Dex: 12    Spells: 4/5 levels left

rFire    x . .     SeeInvis .   a - +0 hunting sling
rCold    + . .     Gourm    .   (no shield)
rNeg     + + +     Faith    .   c - +0 robe
rPois    ∞         Spirit   .   (no helmet)
rElec    .         Reflect  .   (no cloak)
rCorr    .         Harm     .   (no gloves)
MR       .....                  (no boots)
Stlth    ++........             (no amulet)
HPRegen  0.04/turn              (no ring)
MPRegen  0.09/turn              (no ring)

@: no status effects
A: no food or potions, fire vulnerability, cold resistance 1, negative energy
resistance 3, torment resistance, unbreathing
a: no special abilities


You were on level 5 of the Dungeon.
You were not hungry.

You visited 1 branch of the dungeon, and saw 4 of its levels.

You collected 6 gold pieces.

Inventory:

Hand Weapons
 a - a +0 hunting sling (weapon)
 d - a +0 dagger
Missiles
 b - 28 stones (quivered)
Armour
 c - a +0 robe (worn)
Scrolls
 e - a scroll of identify {!r, unknown}


   Skills:
 - Level 1.5 Dodging
 - Level 1.5 Stealth
 + Level 2.6 Spellcasting
   Level 0.7 Transmutations
 * Level 2.7 Earth Magic


You had 4 spell levels left.
You knew the following spells:

 Your Spells              Type           Power        Failure   Level  Hunger
a - Sandblast             Erth           #.....       7%          1    N/A

Your spell library contained the following spells:

 Spells                   Type           Power        Failure   Level  Hunger
 Summon Small Mammal      Summ           #...         22%         1    N/A
 Summon Ice Beast         Ice/Summ       #.......     91%         4    N/A
 Call Imp                 Summ           #.......     32%         2    N/A
 Stone Arrow              Conj/Erth      #.....       36%         3    N/A
 Passwall                 Tmut/Erth      #.......     17%         2    N/A
 Call Canine Familiar     Summ           #.......     54%         3    N/A
 Lee's Rapid Deconstruct  Erth           #.........   89%         5    N/A
 Petrify                  Tmut/Erth      #.......     73%         4    N/A
 Summon Lightning Spire   Summ/Air       #.......     91%         4    N/A
 Summon Guardian Golem    Hex/Summ       #.......     54%         3    N/A

Dungeon Overview and Level Annotations

Branches:
Dungeon (3/15)

Altars:


Innate Abilities, Weirdness & Mutations

You do not eat or drink.
Your flesh is vulnerable to fire.
You are immune to poison.
Your flesh is cold resistant. (rC+)
You are immune to negative energy. (rN+++)
You are immune to unholy pain and torment.
You can survive without breathing.


Message History

There is a stone staircase leading up here.
You open the door. The frilled lizard misses you.
The frilled lizard unfolds its giant frill.
There is an open door here.
Casting: Sandblast (safe; 8% risk of failure)
Confirm with . or Enter, or press ? or * to list all spells.
Aiming: Sandblast (safe; 8% risk of failure)
Press: ? - help, Shift-Dir - straight line, f - goblin
Aim: a goblin, wielding a dagger The blast of sand hits the goblin.
You kill the goblin!
b - 29 stones
Casting: Sandblast (safe; 8% risk of failure)
Confirm with . or Enter, or press ? or * to list all spells.
Aiming: Sandblast (safe; 8% risk of failure)
Press: ? - help, Shift-Dir - straight line, f - frilled lizard
Aim: a frilled lizard The blast of sand hits the frilled lizard.
You kill the frilled lizard!
b - 28 stones You see here a dagger.
d - a dagger Wield which item (- for none, * to show all)? (? for menu, Esc to quit)
d - a +0 dagger (weapon)
Magic restored.
You pick up a book of Callings and begin reading...
You add the spells Summon Small Mammal, Call Imp, Call Canine Familiar, Summon Guardian Golem, Summon Lightning Spire and Summon Ice Beast to your library.
You hear the slow rusting of a very distant drain.
HP restored.
A goblin comes into view.
The goblin shouts!
Okay, then.
Okay, then.
You hit the goblin but do no damage. The goblin hits you.
You hit the goblin.
You kill the goblin!
Training target 2.7 for Earth Magic reached!
You need to enable at least one skill for training.
You see here a hunting sling.
e - a hunting sling Wield which item (- for none, * to show all)? (? for menu, Esc to quit)
e - a +0 hunting sling (weapon)
Adjust (i)tems, (s)pells, or (a)bilities?
Adjust which item? (? for menu, Esc to quit)
e - a +0 hunting sling (weapon)
Adjust to which letter? (? for menu, Esc to quit)
a - a +0 hunting sling (weapon);
e - a scroll labeled WEREUJUYWOT {!r} You now have 6 gold pieces.
You hear the slow rusting of a very distant drain.
You fall through a shaft for 2 floors!
The shaft crumbles and collapses. 2 orcs, an orc warrior, 2 orc wizards and a centaur come into view.
An orc wizard is wielding a dagger of distortion.
The orc wizard shouts!
The orc warrior shouts!
The orc wizard shouts!
The orc shouts! x2; The centaur shouts!
Found a fuming golden potion.
Found a stone staircase leading up.
The centaur wields a shortbow.
The centaur shoots an arrow.
The arrow hits you.
The orc wizard gestures at you while chanting.
The magic dart hits you!
* * * LOW HITPOINT WARNING * * *
You see here an arrow.
The centaur shoots an arrow.
The arrow hits you!
Ouch! That really hurt!
You die...

....# .
....#.##.
....#....
#+#........
#........#
#........#
#####........#
.......@.....##
.......(.......
...............
.............##
.........o..c#
........oooo.#
..........!..#
.............#
......########


You could see an orc warrior, a centaur, 2 orc wizards and 2 orcs.

Vanquished Creatures
  3 goblins
  A frilled lizard (D:3)
4 creatures vanquished.

Notes
Turn   | Place    | Note
-------+----------+-------------------------------------------
     0 | D:1      | Amnesiac the Mummy Earth Elementalist began the quest for the Orb.
     0 | D:1      | Reached XP level 1. HP: 13/13 MP: 4/4
   166 | D:3      | You fall through a shaft for 2 floors!
   166 | D:5      | Entered Level 5 of the Dungeon
   166 | D:5      | Noticed an orc warrior
   166 | D:5      | Noticed an orc wizard
   166 | D:5      | Noticed an orc wizard
   166 | D:5      | Noticed a centaur
   168 | D:5      | Shot with an arrow by a centaur

Vault maps used:
D:1:      tarquinn_simple_flora_water_d
D:2:      uniq_jessica
D:3:      nicolae_overflow_crystal_walls, grunt_temple_overflow_diamond,
          cheibrodos_sewer_entry_bend, uniq_terence
D:5:      okawaru_gym_becter, first_ration, serial_shops, shop, led_sif_book,
          uniq_sigmund

Action                   || total
-------------------------++-------
Melee: Unarmed           ||     3
       Dagger            ||     2
 Cast: Sandblast         ||     2
Dodge: Dodged            ||     5

Table legend:
 A = Spawn XP
 B = Non-spawn XP
 C = Spawn XP percentage of total XP
 D = Spawn monster count
 E = Non-spawn monster count
 F = Spawn count percentage of total count
 G = Total turns spent on level
                    A         B        C        D         E        F      G
               +---------+---------+-------+---------+---------+-------+---------
         Total |       0 |       7 |   0.0 |       0 |       4 |   0.0 |   168
               +---------+---------+-------+---------+---------+-------+---------
           D:1 |       0 |       2 |   0.0 |       0 |       1 |   0.0 |    42
           D:3 |       0 |       5 |   0.0 |       0 |       3 |   0.0 |   116
               +---------+---------+-------+---------+---------+-------+---------
